 Dungeon Crawl Stone Soup version 0.31-a0-174-g85c54bcb58 (webtiles) character file.

Game seed: 12159674047522408041

33 qw the Chopper (level 3, -5/23 HPs)
             Began as a Gargoyle Fighter on June 15, 2023.
             Slain by a gnoll
             ... wielding a +0 club
              (7 damage)
             ... on level 2 of the Dungeon.
             The game lasted 00:00:25 (969 turns).

qw the Chopper (Gargoyle Fighter)                    Turns: 969, Time: 00:00:26

Health: -5/23      AC: 11    Str: 18 (21) XL:     3   Next: 29%
Magic:  3/3        EV:  9    Int:  7 (8)  God:
Gold:   69         SH:  9    Dex:  7 (9)  Spells: 2/2 levels left

rFire   . . .        Y - +1 war axe
rCold   . . .        c - +0 buckler
rNeg    + . .        b - +0 scale mail
rPois   inf          (no helmet)
rElec   +            (no cloak)
rCorr   .            j - +0 pair of gloves
SInv    .            (no boots)
Will    .....        g - amulet of reflection Stlth
                     (no ring)
HPRegen 0.23/turn    (no ring)
MPRegen 0.08/turn

%: reflection
@: no status effects
A: sickness immunity, AC +3, negative energy resistance 1, electricity
resistance, torment resistance 1, petrification resistance
a: no special abilities


You were on level 2 of the Dungeon.
You visited 1 branch of the dungeon, and saw 2 of its levels.

You collected 69 gold pieces.


Innate Abilities, Weirdness & Mutations

You are immune to sickness and miasma.
Your stone body is resilient. (AC +3)
You are immune to poison.
You resist negative energy. (rN+)
You are resistant to electric shocks. (rElec)
You are resistant to unholy torment.
You are immune to petrification.


   Skills:
 - Level 3.2 Fighting
 + Level 3.3 Axes
 - Level 3.2 Armour
 - Level 3.2 Shields


You had 2 spell levels left.
You didn't know any spells.
Your spell library was empty.

Inventory:

Hand Weapons
 m - a +0 club
 Y - a +1 war axe (weapon)
Missiles
 o - 3 boomerangs
Armour
 b - a +0 scale mail (worn)
 c - a +0 buckler (worn)
 j - a +0 pair of gloves (worn)
Jewellery
 g - an amulet of reflection (around neck)
Potions
 d - a potion of might
 h - a potion of mutation {unknown}
 k - a potion of curing {unknown}

Dungeon Overview and Level Annotations

Branches:
Dungeon (2/15)

Altars:
Wu Jian


Message History

Found an ornate altar of the Wu Jian Council.
There is a stone staircase leading up here.
There are monsters nearby!
Waypoint 1 assigned to D:2.
Found a leather armour.
The gnoll hits you but does no damage.
You closely miss the gnoll. You hit the gnoll. You block the gnoll's attack.
The gnoll barely misses you.
The gnoll hits you from afar with a +0 halberd!
Ouch! That really hurt!
You slash the gnoll!
The gnoll is severely wounded.
You closely miss the gnoll. The gnoll hits you with a +0 flail.
You block the gnoll's attack. x2
You hit the gnoll.
You kill the gnoll!
You hit the endoplasm.
You kill the endoplasm!
You closely miss the gnoll.
A ball python comes into view.
The gnoll closely misses you. You block the gnoll's attack.
The gnoll hits you from afar with a +0 halberd.
The gnoll barely misses you.
You have reached level 3!
Your experience leads to an increase in your attributes!
Your base attributes are Str 19, Int 8, Dex 9.
Increase (S)trength, (I)ntelligence, or (D)exterity?
You feel stronger. x2
The ball python hisses angrily.
You hit the gnoll but do no damage. You block the gnoll's attack.
The gnoll hits you but does no damage.
You barely miss the gnoll. The gnoll barely misses you.
The gnoll hits you but does no damage. You block the gnoll's attack.
The gnoll barely misses you.
You barely miss the gnoll. You block the gnoll's attack.
The gnoll barely misses you.
You barely miss the gnoll. You slash the ball python!
You kill the ball python!
The gnoll hits you from afar with a +0 halberd.
The gnoll hits you with a +0 club!
You die...

# .#
#######.###
(.....)..[
##.........
##..........
####...)g......
#......@.......
#....(<..g.....
#.._...........
#..?...........
#...........#..
####...###### #
#####


You could see 2 gnolls.

Vanquished Creatures
  A gnoll (D:2)
  5 ball pythons
  4 endoplasms
  2 giant cockroaches (D:1)
  A goblin (D:1)
  3 hobgoblins (D:1)
  A quokka (D:1)
  2 bats (D:1)
  A frilled lizard (D:1)
  3 kobolds (D:1)
23 creatures vanquished.

Notes
Turn   | Place    | Note
-------+----------+-------------------------------------------
     0 | D:1      | qw the Gargoyle Fighter began the quest for the Orb.
     0 | D:1      | Reached XP level 1. HP: 14/14 MP: 1/1
     0 | D:1      | 0 ||| qw: Version: 0.2-a-29-g511e9b1
     0 | D:1      | 0 ||| qw: Game counter: 5161
     0 | D:1      | 0 ||| qw: Always use a shield: true
     0 | D:1      | 0 ||| qw: God list: Okawaru
     0 | D:1      | 0 ||| qw: Allow faded altars: false
     0 | D:1      | 0 ||| qw: Do Orc after D:15 true
     0 | D:1      | 0 ||| qw: Do second Lair branch before Depths: true
     0 | D:1      | 0 ||| qw: Lair rune preference: random
     0 | D:1      | 0 ||| qw: Plans: Normal, Zot:1-4, Slime:5, God:TSO, Crypt,
                  | Tomb, Abyss, Pan, Hells, Win
     0 | D:1      | 0 ||| PLANNING D:1-11
   186 | D:1      | Reached XP level 2. HP: 19/19 MP: 2/2
   234 | D:1      | Found a faded altar of an unknown god.
   439 | D:1      | 439 ||| Stepping ~*~*~tactically~*~*~ (stealth).
   547 | D:1      | Reached skill level 3 in Axes
   908 | D:1      | 908 ||| UPGRADING to +0 pair of gloves.
   913 | D:1      | 913 ||| UPGRADING to amulet of reflection.
   918 | D:1      | 918 ||| READING scroll labelled SEAMENODGHA.
   919 | D:1      | 919 ||| READING scroll labelled GYRUANI ASMOA.
   920 | D:1      | 920 ||| READING scroll labelled VAORRIW ROGI.
   921 | D:1      | 921 ||| READING scroll labelled TEUCOK SARI.
   922 | D:1      | 922 ||| DRINKING 2 coppery potions.
   923 | D:1      | 923 ||| DROPPING potion of degeneration.
   961 | D:2      | Found an ornate altar of the Wu Jian Council.
   965 | D:2      | HP: 1/19 [gnoll/+0 halberd (6)]
   966 | D:2      | Reached XP level 3. HP: 2/23 MP: 3/3
   969 | D:2      | Slain by a gnoll

Levels and vault maps discovered:
D:1:      noname_arrival_rooms_in_the_neighbourhood, layout_basic,
          ebering_ecumenical_altar_abandoned, minmay_bisected
D:2:      layout_rooms, basic_altar, uniq_sigmund

Skill      XL: |  1  2 |
---------------+-------+-----
Axes           | 2 3 |  3.3
Fighting       | |  3.2
Armour         | |  3.2
Shields        | |  3.2

Action                     || total
---------------------------++-------
  Melee: War axe           ||    51
    Use: Scroll            ||     4
         Potion            ||     1
 Armour: Scale mail        ||    16
  Dodge: Dodged            ||    23
  Block: Buckler           ||    16

Table legend:
 A = Non-vault XP
 B = Vault XP
 C = Vault XP percentage of total XP
 D = Non-vault monster count
 E = Vault monster count
 F = Vault count percentage of total count
                 A         B        C        D         E       F
            +---------+---------+-------+---------+---------+-------
      Total |      45 |       4 |   8.2 |      21 |       2 |   8.7
            +---------+---------+-------+---------+---------+-------
        D:1 |      28 |       4 |  12.5 |      18 |       2 |  10.0
        D:2 |      17 |       0 |   0.0 |       3 |       0 |   0.0
            +---------+---------+-------+---------+---------+-------
